AoeStats
← damiansima

Arena

510654583Analyzed
4v4 RM · 11h ago on Oct 2, 2026· 26m 27s· 8 players
Game mode
Random Map
Map size
Large (8 player)
Population
200
Speed
Normal
Resources
Standard
Victory
Conquest
Starting age
Dark Age
Ending age
Imperial Age
RankedLock teamsTeams togetherTeam positionsShared explorationLock speedFull tech treeHidden civsTurbo modeCheats
Victory
Defeat
🇨🇱 Burgundians · Chile
1260
+14
🇨🇱 Khmer · Chile
1249
+14
🇨🇱 Armenians · Chile
1137
+19
🇨🇱 Varangians · Chile
1098
+21
🇦🇷 Varangians · Argentina
1226
-18
🇨🇴 Gurjaras · Colombia
1209
-17
🇧🇷 Teutons · Brazil
1208
-17
🇨🇱 Armenians · Chile
1181
-16
[TVDT] Nameless
11:20 Feudal Age
15:33 Castle Age
14:21 Double-Bit Axe
14:17 Horse Collar
17:09 Wheelbarrow
17:08 Bow Saw
20:10 Loom
23:10 Gold Mining
25:48 Scale Barding Armor
26:33 Bloodlines
26:23 Husbandry
venusnocturna
10:09 Feudal Age
8:57 Loom
11:19 Double-Bit Axe
15:11 Castle Age
18:08 Wheelbarrow
22:13 Hand Cart
[TVDT] Emiliator
11:39 Feudal Age
16:24 Castle Age
14:48 Loom
14:50 Double-Bit Axe
14:58 Stone Mining
14:54 Horse Collar
16:29 Wheelbarrow
15:50 Gold Mining
20:55 Hand Cart
22:33 Gold Shaft Mining
AiM | yunito000
7:22 Double-Bit Axe
10:58 Feudal Age
12:19 Loom
15:31 Bow Saw
16:07 Fletching
17:59 Horse Collar
19:37 Wheelbarrow
21:16 Padded Archer Armor
22:46 Town Watch
26:33 Castle Age
25:07 Heavy Plow
26:46 Town Watch
gatuzo
9:32 Feudal Age
13:27 Castle Age
11:32 Double-Bit Axe
13:28 Loom
17:37 Redemption
18:43 Sanctity
21:10 Stone Mining
23:04 Fervor
Atos 4:12 | João 14:6
5:35 Loom
9:19 Feudal Age
10:01 Double-Bit Axe
11:35 Fletching
18:34 Horse Collar
19:33 Wheelbarrow
20:26 Town Watch
25:29 Castle Age
damiansima
11:24 Feudal Age
15:32 Castle Age
14:02 Forging
13:46 Horse Collar
13:52 Double-Bit Axe
16:01 Gold Mining
17:51 Wheelbarrow
17:22 Scale Mail Armor
18:40 Loom
22:27 Chain Mail Armor
22:23 Forging
22:15 Squires
22:00 Arson
23:23 Bloodlines
23:14 Husbandry
23:05 Fletching
24:19 Stone Mining
Petrovisky
9:06 Loom
11:07 Feudal Age
14:41 Castle Age
12:59 Double-Bit Axe
13:21 Horse Collar
18:43 Heavy Plow
20:06 Wheelbarrow
20:21 Fervor
23:00 Gold Mining
23:51 Sanctity
23:46 Stone Mining
24:55 Gold Shaft Mining
Connection lost

Rejoining the realm…

Still unreachable

The connection could not be restored.

Session expired

The server has moved on; the page needs a fresh start.